TOP OF THE 1ST |
Bismarck Barons batting - Pitching for Culver City Extras : RHP Bill Chase
|
Pitching: RHP Bill Chase
|
|
Batting: RHB Pancho Torres
|
0-0: Called Strike 0-1: Called Strike 0-2: Ball 1-2: Ball 2-2: Foul Ball, location: 2F 2-2: Ball 3-2: Strikes out swinging
|
Batting: RHB Mark Roy
|
0-0: Called Strike 0-1: Ground out 3-1 (Groundball, 34S)
|
Pitching: RHP Juan Fonseca
|
|
Batting: RHB Jason Stover
|
0-0: Hit by Pitch
|
Batting: RHB Fernando Castellanos
|
0-0: Ball 1-0: Called Strike 1-1: Ball 2-1: 2-RUN HOME RUN (Flyball, 9D), Distance : 411 ft
|
Batting: RHB Dave Anderson
|
0-0: Ball 1-0: Ball 2-0: Called Strike 2-1: Swinging Strike 2-2: Foul Ball, location: 2F 2-2: Strikes out swinging, 2-3 out at first.
|
Top of the 1st over - 2 run(s), 1 hit(s), 0 error(s), 0 left on base; Bismarck 2 - Culver City 0 |
BOTTOM OF THE 1ST |
Culver City Extras batting - Pitching for Bismarck Barons : RHP Francisco Anaya
|
Pitching: RHP Francisco Anaya
|
|
Batting: RHB Cooper Richard
|
0-0: Ball 1-0: Foul Ball, location: 2F 1-1: Ball 2-1: Fly out, F7 (Flyball, 7LMF)
|
Batting: LHB Randy Wiggins
|
0-0: Called Strike 0-1: Ball 1-1: Foul Ball, location: 2F 1-2: Ground out 4-3 (Groundball, 4)
|
Batting: SHB Juan Carlos Mesa
|
0-0: Ball 1-0: Fly out, F9 (Flyball, 9)
|
Bottom of the 1st over - 0 run(s), 0 hit(s), 0 error(s), 0 left on base; Bismarck 2 - Culver City 0 |
TOP OF THE 2ND |
Bismarck Barons batting - Pitching for Culver City Extras : RHP Juan Fonseca
|
Batting: RHB Félix Trevino
|
0-0: Swinging Strike 0-1: Ball 1-1: Foul Ball, location: 2F 1-2: Foul Ball, location: 2F 1-2: Strikes out looking
|
Batting: LHB Ralph Jackson
|
0-0: Called Strike 0-1: Ball 1-1: Called Strike 1-2: Strikes out looking
|
Batting: RHB José Ruíz
|
0-0: Ball 1-0: Called Strike 1-1: Ball 2-1: Swinging Strike Error on foul ball, E5 2-2: Foul Ball, location: 2F 2-2: Foul Ball, location: 2F 2-2: Ball 3-2: Strikes out swinging
|
Top of the 2nd over - 0 run(s), 0 hit(s), 1 error(s), 0 left on base; Bismarck 2 - Culver City 0 |
BOTTOM OF THE 2ND |
Culver City Extras batting - Pitching for Bismarck Barons : RHP Francisco Anaya
|
Batting: RHB Eugene Booth
|
0-0: Ball 1-0: SINGLE (Groundball, 4MD)
|
Batting: RHB Artie Pennington
|
0-0: Swinging Strike 0-1: Swinging Strike 0-2: Strikes out swinging
|
Batting: RHB Ramón Molina
|
0-0: Called Strike Eugene Booth steals 2nd base 0-1: Ball 1-1: Ball Eugene Booth steals 3rd base 2-1: Fly out, F6 (Popup, 6MD)
|
Batting: LHB Richard Bell
|
0-0: Called Strike 0-1: Fly out, F7 (Flyball, 7)
|
Bottom of the 2nd over - 0 run(s), 1 hit(s), 0 error(s), 1 left on base; Bismarck 2 - Culver City 0 |
TOP OF THE 3RD |
Bismarck Barons batting - Pitching for Culver City Extras : RHP Juan Fonseca
|
Batting: RHB Xie-li Fong
|
0-0: Ball 1-0: Foul Ball, location: 2F 1-1: Swinging Strike 1-2: Ball 2-2: SINGLE (Groundball, 6) (infield hit)
|
Batting: RHB Pancho Torres
|
0-0: Ball 1-0: Ball 2-0: Foul Ball, location: 2F 2-1: Swinging Strike 2-2: Foul Ball, location: 2F 2-2: Ball 3-2: Base on Balls Xie-li Fong to second
|
Batting: RHB Mark Roy
|
0-0: Swinging Strike 0-1: Called Strike 0-2: Strikes out swinging
|
Batting: RHB Jason Stover
|
0-0: Called Strike 0-1: Swinging Strike 0-2: Ball 1-2: Fly out, F4 (Popup, 3D)
|
Batting: RHB Fernando Castellanos
|
0-0: Ball 1-0: Fielders Choice at 2nd, 4-6 (Groundball, 4)
|
Top of the 3rd over - 0 run(s), 1 hit(s), 0 error(s), 1 left on base; Bismarck 2 - Culver City 0 |
BOTTOM OF THE 3RD |
Culver City Extras batting - Pitching for Bismarck Barons : RHP Francisco Anaya
|
Batting: LHB Buddy Rice
|
0-0: Ball 1-0: Called Strike 1-1: Ball 2-1: Ball 3-1: Called Strike 3-2: Base on Balls
|
Batting: RHB Shawn Gutiérrez
|
0-0: Called Strike 0-1: Ball 1-1: Ball 2-1: Ball 3-1: SINGLE (Line Drive, 78S) Buddy Rice to second
|
Batting: RHB Cooper Richard
|
0-0: Ball 1-0: Foul Ball, location: 2F 1-1: Called Strike 1-2: Foul Ball, location: 2F 1-2: Strikes out swinging
|
Batting: LHB Randy Wiggins
|
0-0: Ball 1-0: Swinging Strike 1-1: Foul Ball, location: 2F 1-2: Ball 2-2: Strikes out looking
|
Batting: SHB Juan Carlos Mesa
|
0-0: Called Strike 0-1: Foul Ball, location: 2F 0-2: Strikes out looking
|
Bottom of the 3rd over - 0 run(s), 1 hit(s), 0 error(s), 2 left on base; Bismarck 2 - Culver City 0 |
TOP OF THE 4TH |
Bismarck Barons batting - Pitching for Culver City Extras : RHP Juan Fonseca
|
Batting: RHB Dave Anderson
|
0-0: Ball 1-0: Ground out 5-3 (Groundball, 25)
|
Batting: RHB Félix Trevino
|
0-0: Foul Ball, location: 2F 0-1: Ball 1-1: Ground out 1-3 (Groundball, P)
|
Pitching: RHP Juan Rojas
|
|
Batting: LHB Ralph Jackson
|
0-0: Called Strike 0-1: Swinging Strike 0-2: Strikes out swinging
|
Top of the 4th over - 0 run(s), 0 hit(s), 0 error(s), 0 left on base; Bismarck 2 - Culver City 0 |
BOTTOM OF THE 4TH |
Culver City Extras batting - Pitching for Bismarck Barons : RHP Francisco Anaya
|
Batting: RHB Eugene Booth
|
0-0: Ball 1-0: Fly out, F8 (Flyball, 8RM)
|
Batting: RHB Artie Pennington
|
0-0: Called Strike 0-1: Called Strike 0-2: Ball 1-2: SINGLE (Groundball, 56D)
|
Batting: RHB Ramón Molina
|
0-0: Ball 1-0: Called Strike 1-1: Foul Ball, location: 2F 1-2: Foul Ball, location: 2F 1-2: Ball 2-2: Ball 3-2: Foul Ball, location: 2F 3-2: SINGLE (Line Drive, 9LS) Artie Pennington to second Runner from 2nd tries for 3rd, SAFE, no throw
|
Batting: LHB Richard Bell
|
0-0: Called Strike 0-1: Grounds into double play, 4-6-3 (Groundball, 4)
|
Bottom of the 4th over - 0 run(s), 2 hit(s), 0 error(s), 1 left on base; Bismarck 2 - Culver City 0 |
TOP OF THE 5TH |
Bismarck Barons batting - Pitching for Culver City Extras : RHP Juan Rojas
|
Batting: RHB José Ruíz
|
0-0: Ball 1-0: Ball 2-0: Called Strike 2-1: Swinging Strike 2-2: Strikes out swinging
|
Batting: RHB Xie-li Fong
|
0-0: Ball 1-0: Ball 2-0: SINGLE (Line Drive, 89S)
|
Batting: RHB Pancho Torres
|
0-0: Swinging Strike 0-1: Ball Xie-li Fong is caught stealing 2nd base 1-1: Called Strike 1-2: Strikes out looking
|
Top of the 5th over - 0 run(s), 1 hit(s), 0 error(s), 0 left on base; Bismarck 2 - Culver City 0 |
BOTTOM OF THE 5TH |
Culver City Extras batting - Pitching for Bismarck Barons : RHP Francisco Anaya
|
Batting: LHB Buddy Rice
|
0-0: Ball 1-0: Ball 2-0: Foul Ball, location: 2F 2-1: Ball 3-1: Foul Ball, location: 2F 3-2: Fly out, F7 (Flyball, 7LM)
|
Batting: RHB Shawn Gutiérrez
|
0-0: Ball 1-0: Fly out, F8 (Flyball, 8LD)
|
Batting: RHB Cooper Richard
|
0-0: Called Strike 0-1: Swinging Strike 0-2: Ball 1-2: Foul Ball, location: 2F 1-2: Ball 2-2: Ground out 4-3 (Groundball, 4)
|
Bottom of the 5th over - 0 run(s), 0 hit(s), 0 error(s), 0 left on base; Bismarck 2 - Culver City 0 |
TOP OF THE 6TH |
Bismarck Barons batting - Pitching for Culver City Extras : RHP Juan Rojas
|
Batting: RHB Mark Roy
|
0-0: Called Strike 0-1: Ball 1-1: Swinging Strike 1-2: Foul Ball, location: 2F 1-2: Strikes out swinging
|
Batting: RHB Jason Stover
|
0-0: Ball 1-0: Foul Ball, location: 2F 1-1: Swinging Strike 1-2: Ball 2-2: Strikes out looking
|
Batting: RHB Fernando Castellanos
|
0-0: Called Strike 0-1: Called Strike 0-2: Ball 1-2: Foul Ball, location: 2F 1-2: Ground out 6-3 (Groundball, 6S)
|
Top of the 6th over - 0 run(s), 0 hit(s), 0 error(s), 0 left on base; Bismarck 2 - Culver City 0 |
BOTTOM OF THE 6TH |
Culver City Extras batting - Pitching for Bismarck Barons : RHP Francisco Anaya
|
Batting: LHB Randy Wiggins
|
0-0: Ball 1-0: Called Strike 1-1: Ball 2-1: Foul Ball, location: 2F 2-2: Strikes out swinging
|
Batting: SHB Juan Carlos Mesa
|
0-0: Ball 1-0: Called Strike 1-1: Ball 2-1: Called Strike 2-2: Strikes out swinging
|
Batting: RHB Eugene Booth
|
0-0: Ball 1-0: SINGLE (Line Drive, 56)
|
Batting: RHB Artie Pennington
|
0-0: Called Strike Eugene Booth steals 2nd base 0-1: Called Strike 0-2: Ball 1-2: Foul Ball, location: 2F 1-2: Strikes out swinging
|
Bottom of the 6th over - 0 run(s), 1 hit(s), 0 error(s), 1 left on base; Bismarck 2 - Culver City 0 |
TOP OF THE 7TH |
Bismarck Barons batting - Pitching for Culver City Extras : RHP Juan Rojas
|
Batting: RHB Dave Anderson
|
0-0: Ball 1-0: Ball 2-0: SINGLE (Groundball, 6M) (infield hit)
|
Batting: RHB Félix Trevino
|
0-0: Ball 1-0: Foul Ball, location: 2F 1-1: Sac Bunt - play at first, batter OUT! 5-3 Dave Anderson to second
|
Batting: LHB Ralph Jackson
|
0-0: Intentional Walk
|
Pinch Hitting: LHB Jesús Bueno
|
0-0: Grounds into double play, 1-6-3 (Groundball, P)
|
Top of the 7th over - 0 run(s), 1 hit(s), 0 error(s), 1 left on base; Bismarck 2 - Culver City 0 |
BOTTOM OF THE 7TH |
Culver City Extras batting - Pitching for Bismarck Barons : RHP Francisco Anaya
|
Now at 3B: Tomás Rivera
|
|
Batting: RHB Ramón Molina
|
0-0: Ball 1-0: Ball 2-0: Ball 3-0: Base on Balls
|
Pitching: LHP Charlie Conner
|
|
Batting: LHB Richard Bell
|
0-0: Called Strike 0-1: Ball 1-1: Called Strike 1-2: Ball 2-2: Ball 3-2: Strikes out swinging
|
Pitching: LHP Christiano Gomes
|
|
Batting: LHB Buddy Rice
|
0-0: Swinging Strike 0-1: Ball 1-1: Called Strike 1-2: Strikes out looking
|
Batting: RHB Shawn Gutiérrez
|
0-0: Called Strike 0-1: SINGLE (Flyball, 8LS) Ramón Molina to second Runner from 2nd tries for 3rd, SAFE, throw made to third
|
Batting: RHB Cooper Richard
|
0-0: Called Strike 0-1: Ball 1-1: Ball 2-1: Ball 3-1: 3-RUN HOME RUN (Flyball, 7LD), Distance : 334 ft
|
Batting: LHB Randy Wiggins
|
0-0: Ground out 4-3 (Groundball, 4)
|
Bottom of the 7th over - 3 run(s), 2 hit(s), 0 error(s), 0 left on base; Bismarck 2 - Culver City 3 |
TOP OF THE 8TH |
Bismarck Barons batting - Pitching for Culver City Extras : RHP Juan Rojas
|
Batting: RHB Xie-li Fong
|
0-0: Ball 1-0: Ball 2-0: Swinging Strike 2-1: Foul Ball, location: 2F 2-2: Ball 3-2: Strikes out swinging
|
Batting: RHB Pancho Torres
|
0-0: Foul Ball, location: 2F 0-1: Ground out 1-3 (Groundball, 13S)
|
Batting: RHB Mark Roy
|
0-0: Called Strike 0-1: Foul Ball, location: 2F 0-2: Ball 1-2: Ball 2-2: Foul Ball, location: 2F 2-2: Ball 3-2: Strikes out swinging
|
Top of the 8th over - 0 run(s), 0 hit(s), 0 error(s), 0 left on base; Bismarck 2 - Culver City 3 |
BOTTOM OF THE 8TH |
Culver City Extras batting - Pitching for Bismarck Barons : LHP Christiano Gomes
|
Batting: SHB Juan Carlos Mesa
|
0-0: Ball 1-0: Ball 2-0: Called Strike 2-1: Swinging Strike 2-2: Ball 3-2: Strikes out looking
|
Batting: RHB Eugene Booth
|
0-0: Ball 1-0: Foul Ball, location: 2F 1-1: SINGLE (Line Drive, 4D)
|
Pinch Hitting: RHB Max Alexander
|
0-0: Grounds into double play, 5-4-3 (Groundball, 5)
|
Bottom of the 8th over - 0 run(s), 1 hit(s), 0 error(s), 0 left on base; Bismarck 2 - Culver City 3 |
TOP OF THE 9TH |
Bismarck Barons batting - Pitching for Culver City Extras : RHP Juan Rojas
|
Pitching: LHP Clarence Gill
|
|
Now at SS: Dave Anderson
|
|
Batting: RHB Jason Stover
|
0-0: Ball 1-0: Fly out, F5 (Line Drive, 5)
|
Batting: RHB Fernando Castellanos
|
0-0: Called Strike 0-1: Fly out, F9 (Flyball, 9LD)
|
Pinch Hitting: RHB Juan Castillo
|
0-0: Swinging Strike 0-1: Called Strike 0-2: Ball 1-2: Ball 2-2: Ball 3-2: Foul Ball, location: 2F 3-2: SINGLE (Groundball, 6MD)
|
Batting: RHB Félix Trevino
|
0-0: Foul Ball, location: 2F 0-1: Ball 1-1: Ball 2-1: Ball 3-1: Base on Balls Juan Castillo to second
|
Batting: LHB Ralph Jackson
|
0-0: Ball 1-0: SINGLE (Line Drive, 5D) Juan Castillo to third Félix Trevino to second Runner from 3rd tries for Home, SAFE, no throw
|
Pinch Hitting: RHB Eric Black
|
0-0: Ball 1-0: Ball 2-0: Ball 3-0: Base on Balls Félix Trevino to third Ralph Jackson to second
|
Pinch Hitting: RHB Eugenio Maldonado
|
0-0: Ball 1-0: Ball 2-0: Ball 3-0: Called Strike 3-1: Fielders Choice at 2nd, 5-4 (Groundball, 5L)
|
Top of the 9th over - 1 run(s), 2 hit(s), 0 error(s), 2 left on base; Bismarck 3 - Culver City 3 |
BOTTOM OF THE 9TH |
Culver City Extras batting - Pitching for Bismarck Barons : LHP Christiano Gomes
|
Now at SS: Eric Black
|
|
Now in LF: Juan Castillo
|
|
Now in CF: José Gonzáles
|
|
Batting: RHB Ramón Molina
|
0-0: Ball 1-0: Called Strike 1-1: Ball 2-1: Ball 3-1: Foul Ball, location: 2F 3-2: Base on Balls
|
Pinch Runner at 1st Jorge Martínez:
|
|
Pinch Hitting: RHB Tony Cruz
|
0-0: Called Strike 0-1: Called Strike 0-2: Ball 1-2: Strikes out swinging
|
Pinch Hitting: RHB Augusto Trevino
|
0-0: Ball 1-0: Foul Ball, location: 2F 1-1: Ball 2-1: Called Strike 2-2: Strikes out swinging
|
Pitching: RHP Wilson Molina
|
|
Pinch Hitting: LHB Tony Smith
|
0-0: Ball 1-0: Ball 2-0: Foul Ball, location: 2F 2-1: Swinging Strike 2-2: Foul Ball, location: 2F 2-2: Strikes out swinging
|
Bottom of the 9th over - 0 run(s), 0 hit(s), 0 error(s), 1 left on base; Bismarck 3 - Culver City 3 |
TOP OF THE 10TH |
Bismarck Barons batting - Pitching for Culver City Extras : LHP Clarence Gill
|
Now at C: Francisco Chavero
|
|
Now at 1B: Tony Smith
|
|
Now at 3B: Horace Johnson
|
|
Now in CF: Jorge Martínez
|
|
Batting: RHB Pancho Torres
|
0-0: Swinging Strike 0-1: Swinging Strike 0-2: Strikes out swinging
|
Batting: RHB Mark Roy
|
0-0: Called Strike 0-1: Swinging Strike 0-2: Foul Ball, location: 2F 0-2: Ball 1-2: Strikes out swinging
|
Batting: RHB Jason Stover
|
0-0: DOUBLE (Line Drive, 8RXD)
|
Batting: RHB Fernando Castellanos
|
0-0: Foul Ball, location: 2F 0-1: Ball 1-1: Ball 2-1: Ball 3-1: Base on Balls
|
Batting: RHB Juan Castillo
|
0-0: Called Strike 0-1: Ball 1-1: Ball 2-1: Foul Ball, location: 2F 2-2: Strikes out looking
|
Top of the 10th over - 0 run(s), 1 hit(s), 0 error(s), 2 left on base; Bismarck 3 - Culver City 3 |
BOTTOM OF THE 10TH |
Culver City Extras batting - Pitching for Bismarck Barons : RHP Wilson Molina
|
Batting: RHB Cooper Richard
|
0-0: Fly out, F8 (Flyball, 8LS)
|
Batting: LHB Randy Wiggins
|
0-0: SOLO HOME RUN (Flyball, 8RXD), Distance : 433 ft
|
Tuesday, August 8th, 2017 - OOTP Baseball 17.12 Build 75
|
|